 Dungeon Crawl Stone Soup version 0.31-a0-344-gd109795599 (webtiles) character file.

Game seed: 7000300268861610199

263 AdnanSaban the Shield-Bearer (level 6, -14/38 HPs)
             Began as a Gargoyle Fighter on July 22, 2023.
             Was a Follower of Okawaru.
             Killed by divine providence
             ... invoked by an orc priest
              (17 damage)
             ... on level 3 of the Dungeon.
             The game lasted 00:02:53 (1329 turns).

AdnanSaban the Shield-Bearer (Gargoyle Fighter)     Turns: 1329, Time: 00:02:54

Health: -14/38     AC: 13    Str: 22    XL:     6   Next: 19%
Magic:  6/6        EV:  8    Int:  8    God:    Okawaru [*.....]
Gold:   87         SH:  9    Dex:  9    Spells: 5/5 levels left

rFire   . . .        a - +0 flail
rCold   . . .        c - +0 buckler
rNeg    + . .        k - +0 chain mail
rPois   ∞            (no helmet)
rElec   +            (no cloak)
rCorr   +            (no gloves)
SInv    .            (no boots)
Will    .....        f - amulet of reflection Stlth
                     e - ring of resist corrosion
HPRegen 0.26/turn    (no ring)
MPRegen 0.10/turn

%: reflection
@: no status effects
A: sickness immunity, AC +4, negative energy resistance 1, electricity
resistance, torment resistance 1, petrification resistance
a: Renounce Religion, Heroism


You were on level 3 of the Dungeon.
You worshipped Okawaru.
Okawaru was aware of your devotion.
You visited 1 branch of the dungeon, and saw 3 of its levels.

You collected 87 gold pieces.

Inventory:

Hand Weapons
 a - a +0 flail (weapon)
Armour
 c - a +0 buckler (worn)
 k - a +0 chain mail (worn)
Jewellery
 e - a ring of resist corrosion (left hand)
 f - an amulet of reflection (around neck)
Scrolls
 h - 2 scrolls of teleportation {unknown}
 i - a scroll of identify {unknown}
 l - a scroll of blinking {unknown}
 n - a scroll of noise {unknown}
 o - a scroll of fog {unknown}
Potions
 b - 2 potions of heal wounds {unknown}
 d - a potion of might
 g - a potion of brilliance {unknown}
 j - 3 potions of curing {unknown}
 m - a potion of degeneration {unknown}


   Skills:
 + Level 4.0 Fighting
 + Level 3.8 Maces & Flails
 + Level 4.2 Armour
 + Level 1.4 Dodging
 + Level 4.7 Shields


You had 5 spell levels left.
You didn't know any spells.
Your spell library contained the following spells:

 Spells                   Type           Power      Damage    Failure   Level
 Fireball                 Conj/Fire      0%         3d3       100%        5
 Iskenderun's Battlesphe  Conj           0%         2d6       100%        5
 Conjure Ball Lightning   Conj/Air       0%         3x3d6     100%        6
 Orb of Destruction       Conj           0%         9d5       100%        7


Dungeon Overview and Level Annotations

Branches:
Dungeon (3/15)

Altars:
Hepliaklqana
Okawaru


Innate Abilities, Weirdness & Mutations

You are immune to sickness and miasma.
Your stone body is resilient. (AC +4)
You are immune to poison.
You resist negative energy. (rN+)
You are resistant to electric shocks. (rElec)
You are resistant to unholy torment.
You are immune to petrification.


Message History

You are too injured to fight recklessly!
You are too injured to fight recklessly!
You are too injured to fight recklessly!
You are too injured to fight recklessly!
You are too injured to fight recklessly!
You are too injured to fight recklessly!
You are too injured to fight recklessly!
You are too injured to fight recklessly!
You are too injured to fight recklessly!
You are too injured to fight recklessly!
You are too injured to fight recklessly!
Unknown command.
The orc attacks as you move away! The orc hits you but does no damage.
The orc attacks as you move away! The orc closely misses you.
The orc attacks as you move away! You block the orc's attack.
The giant cockroach attacks as you move away!
The giant cockroach bites you but does no damage.
The orc priest invokes the aid of Beogh against you.
Beogh smites you!
* * * LOW HITPOINT WARNING * * *
The giant cockroach bites you but does no damage.
The giant cockroach attacks as you move away!
The giant cockroach bites you.
* * * LOW HITPOINT WARNING * * *
The orc priest invokes the aid of Beogh against you.
Pain shoots through your body!
* * * LOW HITPOINT WARNING * * *
The giant cockroach attacks as you move away!
The giant cockroach bites you but does no damage.
You block the hobgoblin's attack.
The hobgoblin hits you but does no damage.
The orc attacks as you move away! The orc hits you but does no damage.
The giant cockroach bites you.
* * * LOW HITPOINT WARNING * * *
The giant cockroach attacks as you move away!
You block the giant cockroach's attack.
The orc priest casts a cantrip, but nothing happens.
The orc priest mumbles some strange prayers to Beogh against you.
Beogh smites you!
You die...

..#... #..#.#..........
#.....##..#.#.#........
.........o...........)#
.#.#.#.###.####......#
#.#.#†g.o...........'
#.#...o.#.##.###......#
'.....o.B..............
.###.....##.#####.####
#.@##?...# #. #
#......#####..# #. #
####..<# .... # ......
## .## #.#.#.. ..#
...#..... # #.. ...
..#.## . #. #.# ..
...+.# #.#.##.#
.......#


You could see an orc priest, 2 orcs, a giant cockroach and a hobgoblin.

Vanquished Creatures
  Sigmund (D:2)
  Terence (D:1)
  2 adders
  A worm (D:3)
  A dart slug (D:1)
  2 ball pythons
  4 bats (D:1)
  6 endoplasms
  A giant cockroach (D:1)
  6 goblins
  4 hobgoblins (D:2)
  3 quokkas
  3 frilled lizards
  4 kobolds
  7 rats
46 creatures vanquished.

Notes
Turn   | Place    | Note
-------+----------+-------------------------------------------
     0 | D:1      | AdnanSaban the Gargoyle Fighter began the quest for the
                  | Orb.
     0 | D:1      | Reached XP level 1. HP: 14/14 MP: 1/1
    83 | D:1      | Reached XP level 2. HP: 18/20 MP: 2/2
   454 | D:2      | Noticed Sigmund
   511 | D:2      | Noticed Terence
   525 | D:1      | Killed Terence
   526 | D:1      | Reached XP level 3. HP: 20/24 MP: 3/3
   628 | D:2      | Reached skill level 1 in Dodging
   681 | D:3      | Reached XP level 4. HP: 29/29 MP: 4/4
   716 | D:3      | Found a hazy altar of Hepliaklqana.
   716 | D:3      | Found an iron altar of Okawaru.
   720 | D:3      | Became a worshipper of Warmaster Okawaru
  1012 | D:2      | Killed Sigmund
  1012 | D:2      | Reached * piety under Okawaru
  1013 | D:2      | Reached XP level 5. HP: 33/33 MP: 5/5
  1013 | D:2      | Reached XP level 6. HP: 38/38 MP: 6/6
  1329 | D:3      | Killed from afar by an orc priest

Illustrated notes

Levels and vault maps discovered:
D:1:      lightli_arrival_flooded_house, layout_rooms
D:2:      layout_rooms, serial_forest, infiniplex_forest_clump_C,
          infiniplex_forest_end_1, infiniplex_forest_clump_small,
          infiniplex_forest_straight_2, infiniplex_forest_straight_1,
          infiniplex_forest_corner_1, grunt_decor_mini_mirrors, glass_columns_a,
          minmay_quantized, uniq_terence, uniq_sigmund
D:3:      layout_basic, grunt_temple_overflow_holy_war,
          gammafunk_temple_overflow_elements, kennysheep_orc_chapel

Skill      XL: |  1  2  3  4 |
---------------+-------------+-----
Dodging        | 1 |  1.4
Fighting       | 4 |  4.0
Maces & Flails | 3 |  3.8
Armour         | 4 |  4.2
Shields        | 4 |  4.7

Action                     |  1- 3 |  4- 6 || total
---------------------------+-------+-------++-------
  Melee: Flail             |    91 |   104 ||   195
 Armour: Scale mail        |    52 |       ||    52
         Chain mail        |     6 |    83 ||    89
  Dodge: Dodged            |    40 |    40 ||    80
  Block: Buckler           |    44 |    58 ||   102
         Reflection        |       |     1 ||     1

Table legend: (Time is in decaauts)
 A = Elapsed time spent in this place.
 B = Non-inter-level travel time spent in this place.
 C = Inter-level travel time spent in this place.
 D = Time resting spent in this place.
 E = Time spent auto-exploring this place.
 F = Levels seen in this place.
 G = Mean time per level.
                   A        B        C        D        E       F      G
               +--------+--------+--------+--------+--------+-----+--------+
         Total |   1389 |   1338 |     51 |     17 |    842 |   3 |  463.0 |
       Dungeon |   1389 |   1338 |     51 |     17 |    842 |   3 |  463.0 |
               +--------+--------+--------+--------+--------+-----+--------+

Top non-repeatable levels by time:
     D:2: 705 daAuts
     D:1: 529 daAuts
     D:3: 154 daAuts
